 Dungeon Sprint DCSS version 0.23.2-1-ga50397a (webtiles) character file.

Game seed: 12107057172046153384

113 dhn the Covered (level 4, -6/44 HPs)
             Began as a Minotaur Fighter on Apr 14, 2019.
             Mangled by a wight
             ... wielding a cursed +0 halberd
              (8 damage)
             ... in the Dungeon (Sprint VII: "The Pits").
             The game lasted 00:01:27 (674 turns).

dhn the Covered (Minotaur Fighter)                   Turns: 674, Time: 00:01:28

Health: -6/44      AC:  7    Str: 20    XL:     4   Next: 65%
Magic:  3/3        EV:  8    Int:  5    God:
Gold:   0          SH: 10    Dex: 11    Spells: 3/3 levels left

rFire    . . .     SeeInvis .   a - +0 war axe
rCold    . . .     Gourm    .   c - +0 shield
rNeg     . . .     Faith    .   b - +0 scale mail
rPois    .         Spirit   .   (helmet restricted)
rElec    .         Reflect  .   (no cloak)
rCorr    .         Harm     .   (no gloves)
MR       .....     NoTele   +   (no boots)
Stlth    ..........             (no amulet)
HPRegen  0.14/turn              (no ring)
MPRegen  0.08/turn              (no ring)

@: drained
A: retaliatory headbutt, horns 2
a: no special abilities


You were in the Dungeon.
You were not hungry.

You visited 1 branch

Inventory:

Hand Weapons
 a - a +0 war axe (weapon)
 r - a +0 trident of piercing
 t - a +1 hand axe of chopping
Armour
 b - a +0 scale mail (worn)
 c - a +0 shield (worn)
 q - a +2 plate armour
 s - a +3 scale mail
Scrolls
 k - a scroll of blinking
 m - 3 scrolls of remove curse
 n - 5 scrolls of amnesia
 o - a scroll of summoning
 p - 2 scrolls of vulnerability
Potions
 d - a potion of might
 e - 6 potions of curing
 g - 5 potions of heal wounds
 h - a potion of haste
 i - 4 potions of magic
 j - 3 potions of berserk rage
 l - 2 potions of invisibility
Comestibles
 f - 9 rations


   Skills:
 + Level 5.8(5.1) Fighting
 + Level 5.3(4.7) Axes
 + Level 6.9(6.2) Armour
 + Level 2.1(1.5) Dodging
 + Level 0.5(0.0) Stealth
 + Level 6.9(6.2) Shields


You had 3 spell levels left.
You didn't know any spells.
Your spell library was empty.

Dungeon Overview and Level Annotations

Branches:
Dungeon (1/1)

Altars:
Ashenzari
Cheibriados
Dithmenos
Elyvilon
Fedhas
Gozag
Hepliaklqana
Kikubaaqudgha
Makhleb
Nemelex Xobeh
Okawaru
Qazlal
Ru
Sif Muna
Trog
Uskayaw
Vehumet
Wu Jian
Xom
Yredelemnul
Zin
The Shining One
Beogh
Jiyva
Lugonu


Innate Abilities, Weirdness & Mutations

You reflexively headbutt those who attack you in melee.
You have a pair of horns on your head.


Message History

You feel much better.
The orc priest invokes the aid of Beogh against you.
Beogh smites you! The orc hits you but does no damage.
You slice the orc!!
You kill the orc!
The wight hits you but does no damage. You block the wight's attack.
Items here: )) [[ † a cursed +0 mace; a +0 ring mail; a cursed +4 mace; a +0 robe; an orc corpse You block the wight's attack.
You aren't carrying any items that you can evoke without wielding.
The orc wizard casts a spell.
The orc wizard flickers and vanishes!
Deactivating autopickup; reactivate with Ctrl-A.
There is an open door here.
You block the wight's attack.
The wight hits you with a cursed +0 halberd!
* * * LOW HITPOINT WARNING * * *
You feel drained.
You die...

############
#_________.#
#_________.#
#_______...##########
##########'##........
#..(.')))'.##......#.
##########.##........
#.{z@.......'........
#'#####'#####......#.
#.#..#.....##........
#{#).#####)#####'####
#.#).#.....##.......#
#z#))#.....##.......#
#b#..###'####.......#
#.##'#.....##...<...#
#.#........##.......#


You could see a wight.

Vanquished Creatures
  A wight (D)
  A quasit (D)
  A worker ant (D)
  An ufetubus (D)
  An ooze (D)
  An orc (D)
  A ball python (D)
  A hobgoblin (D)
  A quokka (D)
  A frilled lizard (D)
  A giant cockroach zombie (D)
  A rat (D)
12 creatures vanquished.

Notes
Turn   | Place    | Note
-------+----------+-------------------------------------------
     0 | D        | dhn the Minotaur Fighter began the quest for the Orb.
     0 | D        | Reached XP level 1. HP: 19/19 MP: 0/0
    17 | D        | Found a bloodstained altar of Trog.
    17 | D        | Found a deep blue altar of Sif Muna.
    17 | D        | Found a viscous altar of Jiyva.
    17 | D        | Found a hazy altar of Hepliaklqana.
    17 | D        | Found an opulent altar of Gozag.
    44 | D        | Found a glowing golden altar of the Shining One.
    44 | D        | Found a glowing silver altar of Zin.
    44 | D        | Found a basalt altar of Yredelemnul.
    44 | D        | Found a shimmering altar of Xom.
    44 | D        | Found an ornate altar of the Wu Jian Council.
    44 | D        | Found a sacrificial altar of Ru.
    44 | D        | Found a stormy altar of Qazlal.
    44 | D        | Found an iron altar of Okawaru.
    44 | D        | Found a sparkling altar of Nemelex Xobeh.
    44 | D        | Found a burning altar of Makhleb.
    44 | D        | Found a blossoming altar of Fedhas.
    44 | D        | Found a white marble altar of Elyvilon.
    44 | D        | Found a shadowy altar of Dithmenos.
    44 | D        | Found a snail-covered altar of Cheibriados.
    46 | D        | Found a radiant altar of Vehumet.
    46 | D        | Found a corrupted altar of Lugonu.
    46 | D        | Found a roughly hewn altar of Beogh.
    47 | D        | Found a hide-covered altar of Uskayaw.
    47 | D        | Found an ancient bone altar of Kikubaaqudgha.
    47 | D        | Found a shattered altar of Ashenzari.
    84 | D        | HP: 1/20 [ufetubus (3)]
    85 | D        | Reached XP level 2. HP: 2/28 MP: 1/1
   479 | D        | Reached skill level 5 in Shields
   482 | D        | Reached skill level 5 in Fighting
   482 | D        | Reached skill level 5 in Armour
   482 | D        | Reached skill level 1 in Dodging
   482 | D        | Reached XP level 3. HP: 33/36 MP: 2/2
   639 | D        | Noticed a centaur
   655 | D        | Reached XP level 4. HP: 39/42 MP: 3/3
   659 | D        | Reached skill level 5 in Axes
   674 | D        | HP: 2/44 [wight/cursed +0 halberd (16)]
   674 | D        | Mangled by a wight

Skill      XL: |  1  2  3  4 |
---------------+-------------+-----
Shields        | 4 5 6 |  6.9
Fighting       | 4 5 |  5.8
Armour         | 4 5 6 |  6.9
Axes           | 3 4 5 |  5.3
Dodging        | 1 2 |  2.1
Stealth        | |  0.5

Action                   |  1- 3 |  4- 6 || total
-------------------------+-------+-------++-------
Melee: War axe           |    31 |     7 ||    38
       Headbutt          |     4 |     1 ||     5
  Use: Potion            |       |     1 ||     1
Armor: Scale mail        |    46 |     2 ||    48
Dodge: Dodged            |    25 |     2 ||    27
Block: Shield            |    38 |     6 ||    44
